 Dungeon Crawl Stone Soup version 0.29-a0-231-g945431f764 (webtiles) character file.

Game seed: 15810902570071635518

323237 Angani the Bewitcher (level 20, -16/231 HPs)
             Began as a Red Draconian Hunter on Feb 27, 2022.
             Was a High Priest of Sif Muna.
             Killed from afar by a deep elf sorcerer (55 damage)
             ... with damnation
             ... on level 3 of the Elven Halls on Mar 1, 2022.
             The game lasted 03:16:24 (68767 turns).

Angani the Bewitcher (Red Draconian Hunter)        Turns: 68767, Time: 03:16:24

Health: -16/231    AC: 27    Str: 17      XL:     20   Next: 30%
Magic:  17/33      EV: 16    Int: 15 (16) God:    Sif Muna [*****.]
Gold:   3017       SH:  0    Dex: 12      Spells: 6/44 levels left

rFire   + + +      SeeInvis +   b - +3 Elemental Staff {rElec rF++ rC++ AC+5}
rCold   + + .      Faith    .   f - orb {guile}
rNeg    + . .      Spirit   .   (body armour unavailable)
rPois   ∞          Reflect  .   t - +0 mask of the Dragon {Will+ Slay+3 SInv}
rElec   +          Harm     .   B - scarf {repulsion}
rCorr   .          Rampage  .   (gloves currently unavailable)
Will    ++...                   (boots currently unavailable)
Stlth   +.........              I - amulet of Vitality {Regen+ HP+15}
HPRegen 1.28/turn               g - ring of willpower
MPRegen 0.23/turn               K - ring of willpower

@: about to teleport, statue-form, corroded, repel missiles, very slow
A: slow and powerful, torment resistance 1, boosted hp, (breathe fire), AC +10,
unfitting armour, fire resistance 1, cold-blooded, talons 1, clumsy 1, low MP 1,
subdued magic 1, noise suppression
}: 3/15 runes: serpentine, barnacled, slimy
a: End Transformation, Renounce Religion, Channel Magic, Forget Spell, Divine
Exegesis


You were on level 3 of the Elven Halls.
You worshipped Sif Muna.
Sif Muna was extremely pleased with you.
You were a living statue of rough stone.
You visited 7 branches of the dungeon, and saw 39 of its levels.
You visited the Abyss 1 time.
You visited 1 bazaar.
You also visited: Gauntlet, Ice Cave and Volcano.

You collected 6429 gold pieces.
You spent 3412 gold pieces at shops.

Inventory:

Hand Weapons
 a - a +5 vorpal hand crossbow
 b - the +3 Elemental Staff (weapon) {rElec rF++ rC++ AC+5}
   (You acquired it in a Gauntlet)

   If the wielder is skilled in Evocations, they can discharge powerful blasts
   of elemental energy when striking with it.
   It enhances your fire, ice, earth and air magic.
   AC:        It affects your AC (+5).
   rF:        It greatly protects you from fire.
   rC:        It greatly protects you from cold.
   rElec:     It insulates you from electricity.
 O - a +2 triple crossbow of venom
Missiles
 k - 11 throwing nets (quivered)
Armour
 f - an orb of guile (worn)
 m - a +2 pair of boots (melded)
 t - the +0 mask of the Dragon (worn) {Will+ Slay+3 SInv}
   (You acquired it on level 5 of the Pits of Slime)

   Slay:      It affects your accuracy & damage with ranged weapons and melee
   (+3).
   SInv:      It lets you see invisible.
   Will:      It increases your willpower.
 B - a scarf of repulsion (worn)
 L - a +1 pair of gloves of stealth (melded)
Jewellery
 c - the ring "Fuwuseq" {rF+ rN++ rCorr Int+6 Slay-3}
   (You bought it in a shop on level 4 of the Snake Pit)

   [ring of intelligence]

   Int:       It affects your intelligence (+6).
   Slay:      It affects your accuracy & damage with ranged weapons and melee
   (-3).
   rF:        It protects you from fire.
   rN:        It greatly protects you from negative energy.
   rCorr:     It protects you from acid and corrosion.
 g - a ring of willpower (left fist)
 q - a ring of see invisible
 z - a ring of flight
 I - the amulet of Vitality (around neck) {Regen+ HP+15}
   (You found it on level 5 of the Pits of Slime)

   [amulet of regeneration]

   HP:        It affects your health (+15).
   Regen:     It increases your rate of health regeneration.
 K - a ring of willpower (right fist)
Wands
 l - a wand of paralysis (10)
 p - a wand of acid (19)
 y - a wand of flame (71)
 A - a wand of mindburst (14)
 E - a wand of polymorph (11)
 F - a wand of digging (21)
 P - a wand of charming (2)
Scrolls
 h - 3 scrolls of fear
 o - 10 scrolls of teleportation
 r - 3 scrolls of vulnerability
 w - 11 scrolls of magic mapping
 x - 8 scrolls of fog
 J - 2 scrolls of holy word
 N - 2 scrolls of summoning
 W - 2 scrolls of amnesia
 X - 2 scrolls of torment
Potions
 i - 9 potions of lignification
 n - 3 potions of mutation
 s - a potion of ambrosia
 u - 3 potions of resistance
 G - 3 potions of curing
 M - a potion of heal wounds
 Q - 6 potions of invisibility
 R - 6 potions of brilliance
 T - 4 potions of magic
 V - 3 potions of flight
Miscellaneous
 d - a tin of tremorstones (2/2)
 j - a condenser vane (inert)
 C - a phial of floods (inert)
 D - a box of beasts (inert)


   Skills:
 - Level 10.8 Fighting
 - Level 12.0 Staves
 - Level 10.0 Crossbows
 - Level 10.0 Dodging
 - Level 0.8 Stealth
 + Level 12.8 Spellcasting
 + Level 16.2 Hexes
 - Level 13.9 Transmutations
 - Level 5.6 Fire Magic
 - Level 13.7 Earth Magic
 - Level 13.0 Evocations


You had 6 spell levels left.
You knew the following spells:

 Your Spells              Type           Power      Damage    Failure   Level
a - Petrify               Tmut/Erth      56%        N/A       1%          4
b - Passwall              Tmut/Erth      46%        N/A       1%          2
c - Inner Flame           Hex/Fire       49%        N/A       1%          3
d - Statue Form           Tmut/Erth      37%        N/A       2%          6
e - Lee's Rapid Deconstr  Erth           28%        3d16*     1%          5
f - Yara's Violent Unrav  Hex/Tmut       21%        3d10      1%          5
g - Cause Fear            Hex            22%        N/A       1%          4
h - Tukima's Dance        Hex            44%        N/A       0%          3
i - Apportation           Tloc           14%        N/A       6%          1
j - Irradiate             Conj/Tmut      11%        3d17      10%         5

Your spell library contained the following spells:

 Spells                   Type           Power      Damage    Failure   Level
 Beastly Appendage        Tmut           78%        N/A       0%          1
 Confusing Touch          Hex            44%        N/A       0%          3
 Foxfire                  Conj/Fire      80%        2x1d8     1%          1
 Sting                    Tmut/Pois      92%        1d7       1%          1
 Ensorcelled Hibernation  Hex/Ice        78%        N/A       1%          2
 Wereblood                Tmut           39%        N/A       1%          2
 Dazzling Flash           Conj/Hex       52%        N/A       1%          3
 Ignite Poison            Fire/Tmut/Pois 33%        N/A       1%          3
 Portal Projectile        Hex/Tloc       52%        N/A       1%          3
 Spider Form              Tmut/Pois      23%        N/A       1%          3
 Stone Arrow              Conj/Erth      68%        3d11      1%          3
 Summon Guardian Golem    Hex/Summ       26%        N/A       1%          3
 Anguish                  Hex/Necr       13%        N/A       1%          4
 Fulminant Prism          Conj/Hex       13%        3d9       1%          4
 Leda's Liquefaction      Hex/Erth       29%        N/A       1%          4
 Blade Hands              Tmut           19%        N/A       1%          5
 Ice Form                 Ice/Tmut       35%        N/A       3%          4
 Conjure Flame            Conj/Fire      20%        6-21      5%          3
 Metabolic Englaciation   Hex/Ice        19%        N/A       5%          5
 Silence                  Hex/Air        19%        N/A       5%          5
 Freeze                   Ice            44%        1d6       6%          1
 Magic Dart               Conj           28%        1d4       6%          1
 Pain                     Necr           28%        1d5       6%          1
 Shock                    Conj/Air       44%        1d5       6%          1
 Blink                    Tloc           14%        N/A       9%          2
 Call Imp                 Summ           7%         N/A       9%          2
 Poisonous Vapours        Pois/Air       22%        N/A       9%          2
 Static Discharge         Conj/Air       11%        N/A       9%          2
 Sublimation of Blood     Necr           7%         N/A       9%          2
 Alistair's Intoxication  Tmut/Pois      15%        N/A       10%         5
 Borgnjor's Vile Clutch   Necr/Erth      17%        N/A       10%         5
 Call Canine Familiar     Summ           7%         N/A       19%         3
 Frozen Ramparts          Ice            22%        1d4       19%         3
 Gell's Gravitas          Tloc           7%         N/A       19%         3
 Lesser Beckoning         Tloc           7%         N/A       19%         3
 Mephitic Cloud           Conj/Pois/Air  11%        N/A       19%         3
 Ozocubu's Armour         Ice            11%        N/A       19%         3
 Swiftness                Air            11%        N/A       19%         3
 Teleport Other           Tloc           7%         N/A       19%         3
 Vampiric Draining        Necr           7%         2d6       19%         3
 Flame Wave               Conj/Fire      20%        2d7       19%         4
 Eringya's Noxious Bog    Tmut/Pois      11%        N/A       50%         6
 Iron Shot                Conj/Erth      17%        9d4       50%         6
 Airstrike                Air            5%         N/A       54%         4
 Hailstorm                Conj/Ice       11%        3d5       54%         4
 Iskenderun's Mystic Bla  Conj/Tloc      7%         2d4       54%         4
 Olgreb's Toxic Radiance  Pois           7%         N/A       54%         4
 Passage of Golubria      Tloc           7%         N/A       54%         4
 Summon Ice Beast         Ice/Summ       11%        N/A       54%         4
 Agony                    Necr           7%         N/A       88%         5
 Excruciating Wounds      Necr           3%         N/A       88%         5
 Freezing Cloud           Conj/Ice/Air   8%         6-21      88%         5
 Iskenderun's Battlesphe  Conj           7%         2d6       88%         5
 Lightning Bolt           Conj/Air       5%         1d17      88%         5
 Manifold Assault         Tloc           7%         N/A       88%         5
 Starburst                Conj/Fire      10%        6d5       97%         6
 Conjure Ball Lightning   Conj/Air       5%         3x3d6     100%        6
 Death Channel            Necr           3%         N/A       100%        6
 Simulacrum               Ice/Necr       5%         N/A       100%        6
 Summon Cactus Giant      Summ           3%         N/A       100%        6
 Enfeeble                 Hex            22%        N/A       6%          7
 Dragon Form              Tmut           19%        N/A       17%         7
 Storm Form               Tmut/Air       17%        N/A       97%         7
 Haunt                    Necr/Summ      3%         N/A       100%        7
 Ozocubu's Refrigeration  Ice            5%         4d6       100%        7
 Spellforged Servitor     Conj/Summ      3%         N/A       100%        7
 Summon Hydra             Summ           3%         N/A       100%        7
 Borgnjor's Revivificati  Necr           3%         N/A       100%        8
 Maxwell's Capacitive Co  Air            5%         ∞         100%        8
 Necromutation            Tmut/Necr      11%        N/A       100%        8
 Chain Lightning          Conj/Air       5%         3d7       100%        9
 Death's Door             Necr           3%         N/A       100%        9
 Fire Storm               Conj/Fire      10%        8d3       100%        9
 Shatter                  Erth           28%        3d23*     100%        9
 Animate Armour           Summ/Erth      Unusable   N/A       N/A         4

Dungeon Overview and Level Annotations

Branches:
Dungeon (15/15)            Temple (0/1) D:6            Lair (6/6) D:11
 Shoals (4/4) Lair:2        Snake (4/4) Lair:2        Slime (5/5) Lair:5
    Orc (2/2) D:9             Elf (3/3) Orc:2        Vaults (0/5) D:13
 Depths (0/4) D:15          IceCv (visited)         Volcano (visited)
Gauntlet (visited)

Altars:
Cheibriados
Dithmenos
Hepliaklqana
Sif Muna
Uskayaw
Vehumet
Wu Jian
Beogh
Ignis
Jiyva

Shops:
D:4 *   D:6 [   Orc:2 =*[*   Snake:1 [   Snake:4 :==(

Portals:
Trove: D:14 (give +2 shadow dragon scales)

Annotations:
D:3 3 runed translucent doors, exclusion: door, Crazy Yiuf; RNPValinor's ghost, amateur PaFi
D:14 +2 Shadow Scales
Lair:2 2 runed translucent doors, Inarius's ghost, journeyman DsFi
Lair:4 exclusion: oklob plant
Snake:1 2 runed translucent doors, exclusion: 2 doors, robertstho's ghost, journeyman DjFE
Snake:2 exclusion: downstairs
Orc:2 exclusion: 2 upstairs
Elf:2 5 runed translucent doors, exclusion: 5 doors


Innate Abilities, Weirdness & Mutations

You are a living statue of rough stone.
Your actions are slow, but your melee attacks are powerful.
You are resistant to unholy torment.
Your maximum health is greatly increased.
You are immune to poison.
Your equipment is partially melded.
((You can breathe blasts of fire.))
((Your fiery red scales are hard. (AC +10)))
You cannot fit into any form of body armour.
Your flesh is heat resistant. (rF+)
You are cold-blooded and may be slowed by cold attacks.
You have sharp toenails.
You are clumsy. (Dex -2)
Your magical capacity is low. (-10% MP)
Your spells are a little easier to cast, but a little less powerful.
You passively dampen the noise of your surroundings.


Message History

The deep elf sorcerer casts a spell at you.
The bolt of acid hits you!!!
* * * LOW HITPOINT WARNING * * *
The acid corrodes you!
Unknown command.
You barely miss the deep elf high priest.
Flame seeps out of the deep elf high priest.
You claw the deep elf high priest.
The deep elf high priest is heavily wounded.
The deep elf high priest is engulfed in blazing flames.
Flame seeps out of the deep elf high priest.
The deep elf high priest hits you with a +0 scimitar.
* * * LOW HITPOINT WARNING * * *
The deep elf sorcerer gestures at you while chanting.
The bolt of acid hits you!!
* * * LOW HITPOINT WARNING * * *
The acid corrodes you!
Unknown command.
Unknown command.
Blink to where?
Press: ? - help, Dir - move target, p - deep elf high priest
As you read the scroll of blinking, it crumbles to dust.
The deep elf high priest is engulfed in blazing flames.
Sif Muna accepts your kill.
The deep elf high priest explodes!
The fiery explosion engulfs the deep elf sorcerer!
The deep elf sorcerer is moderately wounded.
The deep elf sorcerer is engulfed in blazing flames.
Unknown command.
As you read the scroll of teleportation, it crumbles to dust.
You feel strangely unstable.
As you read the scroll of fog, it crumbles to dust.
The scroll dissolves into smoke.
The deep elf sorcerer howls an incantation.
The deep elf sorcerer shimmers violently.
The deep elf sorcerer gestures wildly while chanting.
The deep elf sorcerer seems to speed up.
The deep elf sorcerer gestures at you while chanting.
The sphere of damnation explodes!
The damnation engulfs you!!!
You die...

#######..#
#..########.#
#..######...........##
#..........########..#
#..######.## ##.# #..#
#.# #.# #######..#
#.####### #.#
......}..######§#.§§..#
#.#
..............§§§§§§..#
#.#
#######.#######§8§e.).#
#.# # ## #####§### ###
## #)))# .## #†).# ..##
#.[.# ...## ###e###
....# #.)))[# ....#
#....))...# ....##
#.............#


You could see a deep elf sorcerer (fast, empowered).

Vanquished Creatures
  A titan (Slime:5)
  A deep elf master archer (Elf:3)
  13 acid blobs
  A deep elf blademaster (Elf:3)
  Kirke (Lair:3)
  A tentacled starspawn (Abyss:2)
  Donald (Orc:1)
  Roxanne (Shoals:4)
  3 azure jellies (Slime:5)
  8 rockslimes
  A nagaraja (Snake:2)
  2 fire giants
  2 deep elf sorcerers (Elf:3)
  4 deep elf elementalists (Elf:3)
  An orc warlord (Orc:1)
  7 quicksilver oozes
  5 deep elf demonologists
  Nessos (D:13)
  5 deep elf annihilators (Elf:3)
  A minotaur (Gauntlet)
  5 merfolk javelineers
  3 deep elf death magi
  3 blizzard demons
  A fire dragon (Lair:6)
  Fannar (D:11)
  7 boulder beetles
  7 merfolk impalers
  6 deep elf high priests (Elf:3)
  A great orb of eyes (Slime:4)
  Harold (D:8)
  2 ogre magi
  A caustic shrike simulacrum (IceCv)
  17 naga warriors
  4 salamander tyrants
  Erolcha (D:11)
  5 centaur warriors
  13 anacondas
  An alligator snapping turtle (Shoals:4)
  6 hydras
  2 death knights
  4 merfolk avatars
  15 dancing weapons
  7 merfolk aquamancers
  3 satyrs
  13 death yaks
  3 tengu warriors
  13 two-headed ogres
  7 shock serpents
  A thrashing horror (Abyss:2)
  Urug (D:13)
  16 naga sharpshooters
  4 orc high priests (Orc:2)
  10 deep elf knights
  Sonja (Lair:1)
  Amaemon (Lair:1)
  Nergalle (Orc:1)
  2 wretched stars (Abyss:2)
  13 skeletal warriors
  20 sea snakes
  5 salamander mystics
  A swamp dragon (Lair:6)
  A glowing orange brain (Slime:5)
  2 lindwurms (Snake:4)
  Lodul (D:14)
  7 deep elf archers
  7 spriggan simulacra (IceCv)
  A bog body (IceCv)
  22 deep elf zephyrmancers
  An obsidian statue (IceCv)
  A wizard (D:15)
  5 naga ritualists
  18 harpies
  A phantasmal warrior (D:13)
  22 deep elf pyromancers
  11 salamanders
  3 shining eyes
  8 ugly things
  7 orc sorcerers
  6 orc knights
  9 mana vipers
  2 wolf spiders
  13 cyclopes
  17 fauns
  A cyclops (shapeshifter) (D:13)
  49 black mambas
  10 manticores
  9 elephants
  Joseph (D:8)
  A moth of wrath (Gauntlet)
  8 merfolk sirens
  8 water nymphs
  8 guardian serpents
  4 gargoyles
  23 cane toads
  An orange demon (Lair:1)
  2 unseen horrors
  An alligator snapping turtle zombie (Abyss:2)
  9 naga magi
  A demonic crawler (Abyss:2)
  5 rime drakes
  12 komodo dragons
  3 anaconda simulacra (IceCv)
  2 yaktaurs (D:11)
  3 tengu conjurers
  7 entropy weaver simulacra (IceCv)
  2 ancient zymes (Abyss:2)
  2 efreet (D:11)
  7 freezing wraiths
  A golden dragon simulacrum (IceCv)
  5 ice devils (IceCv)
  5 trolls
  4 wind drakes
  24 merfolk
  2 polar bears
  3 hornets
  Prince Ribbit (D:8)
  10 blink frogs
  6 large abominations (Abyss:2)
  A raiju (Abyss:2)
  7 snapping turtles
  39 slime creatures
  14 dream sheep
  A jumping spider (shapeshifter) (D:10)
  A centaur simulacrum (D:11)
  4 flying skulls (Gauntlet)
  3 air elementals
  5 small abominations (Abyss:2)
  3 shadows
  4 wraiths
  A dire elephant simulacrum (IceCv)
  3 vampires
  A ynoxinul (Abyss:2)
  7 water elementals
  30 yaks
  21 wyverns
  16 humans (D:13)
  8 basilisks
  10 golden eyes
  16 fire elementals
  2 neqoxecs (Abyss:2)
  4 minotaur simulacra (IceCv)
  8 redbacks
  3 steam dragons
  4 vampire mosquitoes
  Menkaure (D:5)
  2 harpy simulacra (IceCv)
  A warg (Orc:2)
  7 acid dragons
  49 nagas
  Duvessa (D:6)
  19 water moccasins
  32 orc warriors
  4 swamp drakes
  2 sky beasts
  2 black bears
  7 starcursed masses (Abyss:2)
  2 alligator simulacra (IceCv)
  2 necrophages
  18 ogres
  19 wolves
  20 centaurs
  2 phantoms
  A kobold brigand (D:9)
  10 bullfrogs
  8 deep troll simulacra (IceCv)
  A gnoll sergeant (D:5)
  A scorpion (D:5)
  5 earth elementals
  Dowan (D:6)
  A lindwurm simulacrum (IceCv)
  9 wights
  4 howler monkeys
  3 electric eels
  2 gnoll shamans
  7 hounds
  28 orc priests
  4 jellies
  3 iguanas
  32 orc wizards
  20 gnolls
  10 adders
  A white imp (D:5)
  3 ufetubi
  9 worms
  2 dart slugs
  78 orcs
  5 ball pythons
  7 endoplasms
  7 goblins
  11 hobgoblins
  6 jackals (D:1)
  2 quokkas
  A bat (D:1)
  4 frilled lizards
  14 kobolds
  6 rats
1405 creatures vanquished.

Vanquished Creatures (collateral kills)
  A deep elf sorcerer (Elf:3)
  A merfolk impaler (Shoals:4)
  An orc (Orc:2)
3 creatures vanquished.

Vanquished Creatures (others)
  An acid blob (Slime:5)
  Gastronok (Lair:2)
  A rockslime (Slime:5)
  A deep elf sorcerer (Elf:3)
  A deep elf demonologist (Elf:3)
  A deep elf knight (Elf:3)
  A black mamba (Snake:4)
  A shadow (D:11)
  A human (Lair:4)
  An orc (D:15)
  90 fungi
  165 plants
  2 starspawn tentacles (Abyss:2)
267 creatures vanquished.

Grand Total: 1675 creatures vanquished

Notes
Turn   | Place    | Note
-------+----------+-------------------------------------------
     0 | D:1      | Angani the Draconian Hunter began the quest for the Orb.
     0 | D:1      | Reached XP level 1. HP: 17/17 MP: 1/1
   117 | D:1      | Found a faded altar of an unknown god.
   119 | D:1      | Prayed at the altar of an unknown god.
   119 | D:1      | Became a worshipper of Ignis, the Dying Flame
   300 | D:1      | Reached XP level 2. HP: 16/25 MP: 2/2
   903 | D:2      | Reached XP level 3. HP: 30/30 MP: 3/3
  1512 | D:2      | Reached XP level 4. HP: 38/38 MP: 4/4
  1992 | D:3      | Reached skill level 1 in Spellcasting
  1994 | D:3      | Found a runed translucent door.
  1996 | D:3      | Noticed RNPValinor's ghost (amateur PaFi)
  2116 | D:3      | Found a runed translucent door.
  2183 | D:3      | Reached skill level 1 in Earth Magic
  2258 | D:3      | Found a runed translucent door.
  2259 | D:3      | Noticed Crazy Yiuf
  2302 | D:3      | Reached skill level 1 in Transmutations
  2741 | D:3      | Learned a level 4 spell: Petrify
  2783 | D:3      | Reached XP level 5. HP: 33/45 MP: 6/6
  3164 | D:4      | Gained mutation: You have large cloven feet. [potion of
                  | mutation]
  3164 | D:4      | Gained mutation: You have a beak for a mouth. [potion of
                  | mutation]
  3172 | D:4      | Noticed a black bear
  3211 | D:4      | Killed a black bear
  3212 | D:4      | Reached XP level 6. HP: 52/52 MP: 8/8
  3260 | D:4      | Learned a level 2 spell: Passwall
  3623 | D:4      | Found Puxtesuple's Elemental Accessories.
  3634 | D:4      | Bought a wand of iceblast (9) for 143 gold pieces
  3702 | D:4      | Your scales start taking on a fiery red colour.
  3702 | D:4      | Reached XP level 7. HP: 38/59 MP: 10/10
  3702 | D:4      | Gained mutation: Your flesh is heat resistant. (rF+) [Red
                  | Draconian growth]
  4106 | D:5      | Entered Level 5 of the Dungeon
  4346 | D:5      | Lost mutation: You have a beak for a mouth. [potion of
                  | mutation]
  4346 | D:5      | Lost mutation: You have large cloven feet. [potion of
                  | mutation]
  4346 | D:5      | Gained mutation: A frigid envelope surrounds you and
                  | freezes all who hurt you. [potion of mutation]
  4346 | D:5      | Gained mutation: You do not regenerate when monsters are
                  | visible. [potion of mutation]
  4346 | D:5      | Gained mutation: You have supernaturally acute eyesight.
                  | (SInv) [potion of mutation]
  4355 | D:5      | Noticed Menkaure
  4356 | D:5      | Killed Menkaure
  4357 | D:5      | Reached skill level 5 in Crossbows
  4392 | D:5      | Reached XP level 8. HP: 38/67 MP: 12/12
  4408 | D:5      | HP: 1/67 [gnoll/+0 halberd (6)]
  4852 | D:5      | Found a shadowy altar of Dithmenos.
  4899 | D:5      | Noticed a gargoyle
  4916 | D:5      | Killed a gargoyle
  4917 | D:5      | Reached skill level 5 in Fighting
  5413 | D:5      | Found a shimmering blue altar of Sif Muna.
  5444 | D:5      | Fell from the grace of Ignis
  5444 | D:5      | Became a worshipper of Sif Muna the Loreminder
  5459 | D:5      | Found a snail-covered altar of Cheibriados.
  5470 | D:5      | Identified a scroll of acquirement
  5471 | D:5      | Acquired 399 gold pieces
  5598 | D:6      | Found Ediyluic's Antique Armour Shop.
  5601 | D:6      | Bought a pair of boots for 117 gold pieces
  5601 | D:6      | Bought a pair of gloves for 117 gold pieces
  5601 | D:6      | Bought a cloak for 117 gold pieces
  5625 | D:6      | Found a staircase to the Ecumenical Temple.
  5640 | D:6      | Noticed Duvessa
  5641 | D:6      | Noticed Dowan
  5663 | D:6      | Killed Duvessa
  5664 | D:6      | Reached XP level 9. HP: 57/75 MP: 13/15
  5668 | D:6      | Killed Dowan
  5875 | D:6      | Noticed an unseen horror
  5884 | D:6      | Killed an unseen horror
  5885 | D:6      | Reached skill level 5 in Dodging
  5906 | D:6      | Found a hazy altar of Hepliaklqana.
  5946 | D:6      | Got Kikubaaqudgha's Collected Works on Necromancy
  5974 | D:6      | You fall into a shaft and drop 3 floors!
  5977 | D:9      | Noticed a two-headed ogre
  5981 | D:9      | Killed a two-headed ogre
  5982 | D:9      | Reached skill level 5 in Transmutations
  5982 | D:9      | Reached skill level 5 in Earth Magic
  6682 | D:9      | Found a staircase to the Orcish Mines.
  6684 | D:9      | Reached * piety under Sif Muna
  6794 | D:9      | Reached skill level 5 in Spellcasting
  6887 | D:9      | You fall into a shaft and drop 3 floors!
  6888 | D:12     | shafted 3 floors twice >_<>
                  | ERROR: string above had unterminated tag
  6895 | D:11     | Noticed a troll
  6956 | D:12     | Noticed a komodo dragon
  6964 | D:12     | Killed a komodo dragon
  6965 | D:12     | Reached XP level 10. HP: 82/84 MP: 17/17
  7034 | D:12     | MARKED
  7035 | D:12     | what a horrid dungeon
  7420 | D:11     | Was forgiven by Ignis
  7425 | D:10     | Entered Level 10 of the Dungeon
  7685 | D:10     | cold envelope mutation carrying
  7887 | D:8      | Noticed Prince Ribbit
  7890 | D:8      | Killed Prince Ribbit
  8122 | D:6      | Reached ** piety under Sif Muna
  9445 | D:8      | Noticed Joseph
  9471 | D:8      | Killed Joseph
  9912 | D:8      | Noticed Harold
  9926 | D:8      | Killed Harold
 10193 | D:8      | Reached *** piety under Sif Muna
 10275 | D:8      | Reached XP level 11. HP: 94/94 MP: 20/20
 10353 | D:9      | Noticed a red ugly thing
 10376 | D:9      | Killed a white ugly thing
 12488 | D:11     | Noticed a skeletal warrior
 12490 | D:11     | Noticed a skeletal warrior
 12574 | Orc:1    | Entered Level 1 of the Orcish Mines
 12654 | Orc:1    | Found a dark tunnel.
 12659 | Volcano  | Entered a volcano
 12693 | Volcano  | Noticed a salamander mystic
 12710 | Volcano  | Killed a salamander mystic
 13245 | Orc:1    | Noticed an orc knight
 13272 | Orc:1    | Killed an orc knight
 13674 | Orc:1    | Noticed Nergalle
 13682 | Orc:1    | Killed Nergalle
 14073 | Orc:1    | Noticed an ogre mage
 14084 | Orc:1    | Killed an ogre mage
 14353 | Orc:1    | Learned a level 3 spell: Inner Flame
 14354 | Orc:2    | Entered Level 2 of the Orcish Mines
 14354 | Orc:2    | Noticed Donald
 14354 | Orc:2    | Found a staircase to the Elven Halls.
 14823 | D:11     | Noticed Fannar
 15280 | D:11     | Killed Fannar
 15365 | D:11     | Noticed a deep elf pyromancer
 15525 | D:11     | Killed a deep elf pyromancer
 15526 | D:11     | Reached XP level 12. HP: 87/104 MP: 22/22
 15536 | D:11     | Noticed Erolcha
 15596 | D:11     | Killed Erolcha
 15621 | D:11     | Noticed a five-headed hydra
 15629 | D:11     | Killed a five-headed hydra
 15918 | D:11     | Reached **** piety under Sif Muna
 16283 | D:11     | Noticed a two-headed ogre
 16303 | D:10     | Killed a two-headed ogre
 16428 | D:11     | Noticed a two-headed ogre
 16428 | D:11     | Noticed a two-headed ogre
 16433 | D:10     | Killed a two-headed ogre
 17029 | D:11     | Killed a two-headed ogre
 17056 | D:11     | Noticed a two-headed ogre
 17064 | D:11     | Killed a two-headed ogre
 17065 | D:11     | Reached skill level 10 in Fighting
 17593 | D:11     | Noticed a seven-headed hydra
 17613 | D:11     | Killed a seven-headed hydra
 17843 | D:11     | Noticed a death knight
 18020 | D:11     | Noticed a boulder beetle
 18025 | D:11     | Noticed a six-headed hydra
 18042 | D:11     | Identified the +1 robe of the Volcano {Fly rF- Str+8 Int+4}
 18201 | D:11     | Killed a boulder beetle
 18336 | D:11     | Noticed a two-headed ogre
 18549 | D:11     | Killed a two-headed ogre
 18990 | D:11     | Noticed a boulder beetle
 18999 | D:11     | Found a staircase to the Lair.
 19015 | D:11     | Killed a boulder beetle
 19016 | D:11     | Reached XP level 13. HP: 39/114 MP: 4/25
 19295 | D:11     | Noticed a fire giant
 19311 | D:10     | Killed a fire giant
 20512 | D:11     | Identified the +4 ring mail "Kuzeum" {rF- Str+7 Stlth-}
 20748 | D:11     | Got Leakh's Guide on the Feathery Compass
 21466 | D:11     | Paralysed by an ogre mage for 3 turns
 21894 | Lair:1   | Entered Level 1 of the Lair of Beasts
 22415 | Lair:1   | Noticed Amaemon
 22432 | Lair:1   | Killed Amaemon
 22503 | Lair:1   | Found a hide-covered altar of Uskayaw.
 22503 | Lair:1   | Found an ornate altar of the Wu Jian Council.
 22592 | Lair:1   | Reached ***** piety under Sif Muna
 22880 | Lair:1   | Reached skill level 10 in Crossbows
 22885 | Lair:1   | Reached skill level 10 in Transmutations
 23014 | Lair:1   | Learned a level 6 spell: Statue Form
 23310 | Lair:1   | Noticed Sonja
 23314 | Lair:1   | Killed Sonja
 23582 | Lair:2   | Reached skill level 10 in Earth Magic
 23601 | Lair:2   | Found a staircase to the Snake Pit.
 24371 | Lair:2   | Received a gift from Sif Muna
 24391 | Lair:2   | Got Mukonaeg's Guide on Harmful Toxins {god gift}
 24613 | Lair:2   | Noticed Gastronok
 24718 | Lair:2   | Killed Gastronok
 24725 | Lair:2   | Reached XP level 14. HP: 62/122 MP: 24/27
 24970 | Lair:2   | Found a large runed translucent door.
 24970 | Lair:2   | Found a large runed translucent door.
 24974 | Lair:2   | Noticed Inarius's ghost (journeyman DsFi)
 25320 | Lair:2   | Found a staircase to the Shoals.
 25348 | Lair:2   | Reached skill level 10 in Dodging
 25781 | Lair:3   | Found a gate leading to a gauntlet.
 25789 | Gauntlet | Entered a Gauntlet
 25789 | Gauntlet | Found a transporter.
 25789 | Gauntlet | Found a transporter.
 25795 | Gauntlet | Found a transporter.
 25808 | Gauntlet | Found a transporter.
 25826 | Gauntlet | Found a transporter.
 25826 | Gauntlet | Found a transporter.
 25826 | Gauntlet | Found a transporter.
 25829 | Gauntlet | Found a transporter.
 25829 | Gauntlet | Found a transporter.
 25830 | Gauntlet | Noticed a quicksilver ooze
 25841 | Gauntlet | Found a transporter.
 25859 | Gauntlet | Found a transporter.
 25869 | Gauntlet | Found a transporter.
 25884 | Gauntlet | Found a transporter.
 25904 | Gauntlet | Found a transporter.
 26410 | Gauntlet | Acquired 727 gold pieces
 26430 | Gauntlet | Killed a quicksilver ooze
 26440 | Gauntlet | Acquired the +3 Elemental Staff {rElec rF++ rC++ AC+5}
 26440 | Gauntlet | Found the +3 Elemental Staff {rElec rF++ rC++ AC+5}
 26461 | Gauntlet | Identified the +4 flail of Miv Ytiy {chaos, rElec Str+4}
 26461 | Gauntlet | Identified the +4 ice dragon scales of the Land of Plenty
                  | {-Cast rPois rF- rC++ SInv}
 26484 | Gauntlet | Got the Compendium of the Excruciating Birds
 26876 | Lair:3   | Reached skill level 10 in Spellcasting
 27775 | Lair:3   | You fall into a shaft and drop 1 floor!
 28193 | Lair:4   | Noticed Kirke
 28207 | Lair:3   | Killed Kirke
 28594 | Lair:3   | Lost mutation: A frigid envelope surrounds you and freezes
                  | all who hurt you. [potion of mutation]
 28594 | Lair:3   | Lost mutation: You have supernaturally acute eyesight.
                  | (SInv) [potion of mutation]
 28594 | Lair:3   | Lost mutation: You do not regenerate when monsters are
                  | visible. [potion of mutation]
 28594 | Lair:3   | Gained mutation: You have sharp toenails. [potion of
                  | mutation]
 28594 | Lair:3   | Gained mutation: You passively dampen the noise of your
                  | surroundings. [potion of mutation]
 28594 | Lair:3   | Gained mutation: Your magical capacity is low. (-10% MP)
                  | [potion of mutation]
 31569 | Lair:5   | Found a staircase to the Slime Pits.
 31784 | Lair:5   | Reached skill level 1 in Fire Magic
 32086 | Lair:5   | Reached skill level 1 in Hexes
 32253 | Lair:6   | Entered Level 6 of the Lair of Beasts
 32759 | Lair:6   | Reached skill level 2 in Hexes
 33189 | Lair:6   | Reached skill level 3 in Hexes
 33319 | Lair:6   | Identified the +8 long sword "Zuxoix Yla" {vorpal, Str+2}
 33701 | Lair:6   | Reached skill level 5 in Fire Magic
 34242 | Lair:6   | Reached skill level 4 in Hexes
 34536 | Lair:6   | Reached XP level 15. HP: 128/128 MP: 26/26
 34626 | Lair:6   | Received a gift from Sif Muna
 34627 | Lair:6   | Got Sif Muna's Volume of Unholy Magic and Changing {god
                  | gift}
 37210 | Lair:6   | Identified the +2 shortbow of Devotion {vorpal, Int+5}
 37691 | Orc:1    | Killed Donald
 38266 | Orc:2    | Found Vaghin's Gadget Gallery.
 38272 | Orc:2    | Bought a wand of acid (6) for 240 gold pieces
 38425 | Orc:2    | Paralysed by an orc sorcerer for 5 turns
 38431 | Orc:2    | Paralysed by an orc sorcerer for 2 turns
 38438 | Orc:2    | Paralysed by an orc sorcerer for 3 turns
 38978 | Orc:2    | Received a gift from Sif Muna
 38979 | Orc:2    | Got Sif Muna's Disquisition on Supportive Clay {god gift}
 39163 | Orc:2    | Noticed an orc warlord
 39455 | Orc:1    | Killed an orc warlord
 40526 | Orc:2    | Paralysed by an orc sorcerer for 6 turns
 40882 | Orc:2    | Found Kinuosyira's Antique Armour Shoppe.
 40882 | Orc:2    | Found Cekhlydd's Antique Weapon Shoppe.
 40884 | Orc:2    | Found Kutz's General Store.
 40884 | Orc:2    | Found Etanih's Jewellery Emporium.
 40912 | Orc:2    | Bought the amulet "Zannohue" {Acrobat Dex+4 SInv} for 545
                  | gold pieces
 42903 | D:13     | Noticed Urug
 42920 | D:13     | Killed Urug
 42933 | D:13     | Noticed Nessos
 42936 | D:13     | Found a gate to the Vaults.
 43246 | D:13     | Reached skill level 1 in Staves
 43246 | D:13     | Reached skill level 1 in Evocations
 43529 | D:13     | Killed Nessos
 43630 | D:13     | Received a gift from Sif Muna
 43641 | D:13     | Reached XP level 16. HP: 120/136 MP: 14/27
 44776 | D:14     | Found a portal to a secret trove of treasure.
 44790 | D:14     | Learned a level 5 spell: Lee's Rapid Deconstruction
 44796 | D:14     | Learned a level 5 spell: Yara's Violent Unravelling
 45439 | D:14     | Noticed Lodul
 45444 | D:14     | Reached skill level 5 in Staves
 45444 | D:14     | Reached skill level 5 in Evocations
 45446 | D:14     | Killed Lodul
 45726 | D:15     | Entered Level 15 of the Dungeon
 46154 | D:15     | Found a staircase to the Depths.
 46891 | D:15     | Found a snail-covered altar of Cheibriados.
 47084 | D:15     | Upgraded the game from 0.29-a0-222-g5b244fca1f to
                  | 0.29-a0-231-g945431f764
 47180 | Snake:1  | Entered Level 1 of the Snake Pit
 47381 | Snake:1  | Found a large runed translucent door.
 47382 | Snake:1  | Found a large runed translucent door.
 47382 | Snake:1  | Noticed robertstho's ghost (journeyman DjFE)
 48585 | Snake:1  | Found Diebyuk's Antique Armour Shop.
 49410 | Snake:2  | Received a gift from Sif Muna
 49411 | Snake:2  | Got Sif Muna's Collected Works on Enchantment and Poisoning
                  | {god gift}
 49421 | Snake:2  | Learned a level 4 spell: Cause Fear
 49425 | Snake:2  | Learned a level 3 spell: Tukima's Dance
 49724 | Snake:2  | Reached XP level 17. HP: 143/143 MP: 11/28
 50062 | Snake:1  | Bought an embroidered scarf for 232 gold pieces
 50851 | Snake:3  | Reached skill level 10 in Evocations
 50855 | Snake:3  | Reached skill level 10 in Staves
 51616 | Snake:4  | Entered Level 4 of the Snake Pit
 52398 | Snake:4  | Found Sioseod's Weapon Emporium.
 52407 | Snake:4  | Found Ixked's Book Shoppe.
 52408 | Snake:4  | Found Oracikh's Jewellery Shop.
 52408 | Snake:4  | Found Catinunt's Jewellery Shop.
 52425 | Snake:4  | Bought a book of Party Tricks for 192 gold pieces
 52427 | Snake:4  | Learned a level 1 spell: Apportation
 53812 | Snake:4  | Received a gift from Sif Muna
 53984 | Snake:4  | Got Sif Muna's Disquisition on Attacks and Translocation
                  | {god gift}
 54707 | Snake:4  | Got a serpentine rune of Zot
 54984 | Shoals:1 | Entered Level 1 of the Shoals
 55196 | Shoals:1 | You are sucked into a shaft and drop 1 floor!
 55337 | Shoals:2 | Reached XP level 18. HP: 149/149 MP: 29/29
 55465 | Shoals:1 | Reached skill level 5 in Hexes
 56270 | Shoals:2 | Reached skill level 6 in Hexes
 56810 | Shoals:2 | Reached skill level 7 in Hexes
 56975 | Shoals:2 | Received a gift from Sif Muna
 57005 | Shoals:2 | Got Sif Muna's Papyrus of Supportive Attacks {god gift}
 57037 | Shoals:2 | Reached skill level 8 in Hexes
 57181 | Shoals:2 | Found a gateway to a bazaar.
 57187 | Bazaar   | Entered a bazaar
 57191 | Bazaar   | Found Culybae's Book Boutique.
 57202 | Bazaar   | Found Dameqo's Antique Weapon Emporium.
 57210 | Bazaar   | Found Zoff's Magic Scroll Emporium.
 57218 | Bazaar   | Bought a scroll of teleportation for 33 gold pieces
 57218 | Bazaar   | Bought a scroll of blinking for 82 gold pieces
 57218 | Bazaar   | Bought a scroll of teleportation for 33 gold pieces
 57218 | Bazaar   | Bought a scroll of torment for 82 gold pieces
 57218 | Bazaar   | Bought a scroll of vulnerability for 82 gold pieces
 57221 | Bazaar   | Found Gawagir's Antique Armour Boutique.
 57232 | Bazaar   | Found Ycuicelo's General Store.
 57240 | Bazaar   | Bought a wand of iceblast (5) for 81 gold pieces
 57253 | Bazaar   | Bought a book of Alchemy for 252 gold pieces
 57259 | Bazaar   | Learned a level 5 spell: Irradiate
 57295 | Shoals:3 | Found a frozen archway.
 57343 | IceCv    | Entered an ice cave
 57528 | IceCv    | Reached skill level 9 in Hexes
 57671 | IceCv    | Identified the +1 shortbow of Red Expedience {freeze, rN+
                  | Int+2 Dex+4 Stlth+}
 58218 | Shoals:3 | Reached skill level 10 in Hexes
 58247 | Shoals:3 | Received a gift from Sif Muna
 58343 | Shoals:3 | Got Ozyr's Compendium of Transmutation {god gift}
 58863 | Shoals:3 | Reached skill level 11 in Hexes
 59456 | Shoals:4 | Entered Level 4 of the Shoals
 59799 | Shoals:4 | Identified the +5 glaive of the Moth {freeze, rC+ SInv}
 59926 | Shoals:4 | Reached skill level 12 in Hexes
 59936 | Shoals:4 | Got a barnacled rune of Zot
 60106 | Shoals:4 | Reached XP level 19. HP: 58/156 MP: 21/30
 60418 | Shoals:4 | Identified the +0 crystal plate armour of Mysticism {rElec
                  | Dex+6}
 60459 | Shoals:4 | Identified Roxanne's Collected Works on Transformation
 60459 | Shoals:4 | Noticed Roxanne
 60504 | Shoals:4 | Killed Roxanne
 60647 | Shoals:4 | Identified the +2 falchion "Pyry" {vorpal, Fly}
 60762 | Shoals:4 | Identified the +6 rapier "Xuoblu" {venom, rPois Int-5
                  | Dex+4}
 61516 | Snake:4  | Bought the ring "Fuwuseq" {rF+ rN++ rCorr Int+6 Slay-3} for
                  | 1064 gold pieces
 61690 | Slime:1  | Entered Level 1 of the Pits of Slime
 61704 | Slime:1  | Reached skill level 13 in Hexes
 62169 | Slime:3  | Received a gift from Sif Muna
 62190 | Slime:3  | Got Sif Muna's Incunabulum of Gliding Stolen Souls {god
                  | gift}
 63026 | Slime:5  | Entered Level 5 of the Pits of Slime
 63229 | Slime:5  | Gained mutation: Your spells are a little easier to cast,
                  | but a little less powerful. [a shining eye]
 63231 | Slime:5  | Gained mutation: You are clumsy. (Dex -2) [a shining eye]
 63239 | Slime:5  | Reached skill level 14 in Hexes
 63239 | Slime:5  | Noticed the Royal Jelly
 63246 | Slime:5  | Noticed a titan shaped Royal Jelly
 63246 | Slime:5  | the Royal Jelly changed into a titan shaped Royal Jelly
 63974 | Slime:5  | Found a viscous altar of Jiyva.
 63976 | Slime:5  | Found the amulet of Vitality {Regen+ HP+15}
 64011 | Slime:5  | Found the +8 demon blade "Leech" {vamp, Harm Drain rN+}
 64234 | Slime:5  | Killed a titan shaped Royal Jelly
 64269 | Slime:5  | Got a slimy rune of Zot
 64290 | Slime:5  | Acquired the +0 mask of the Dragon {Will+ Slay+3 SInv}
 64290 | Slime:5  | Found the +0 mask of the Dragon {Will+ Slay+3 SInv}
 64309 | Slime:5  | Identified the +9 battleaxe "Opedaom" {drain, rCorr Int+4}
 64373 | Slime:5  | Identified the ring of the Ego {Ice *Corrode Fly rElec}
 64833 | Slime:4  | Paralysed by a great orb of eyes for 6 turns
 64849 | Slime:4  | Paralysed by a great orb of eyes for 7 turns
 65188 | Elf:1    | Entered Level 1 of the Elven Halls
 65236 | Elf:1    | Found a radiant altar of Vehumet.
 65769 | Elf:1    | Reached skill level 15 in Hexes
 66234 | Elf:1    | Received a gift from Sif Muna
 66706 | Elf:2    | Found a huge runed translucent gate.
 66706 | Elf:2    | Found a huge runed translucent gate.
 66706 | Elf:2    | Found a huge runed translucent gate.
 66706 | Elf:2    | Found a huge runed translucent gate.
 66706 | Elf:2    | Found a huge runed translucent gate.
 67391 | Elf:3    | Entered Level 3 of the Elven Halls
 67669 | Elf:3    | Reached XP level 20. HP: 163/163 MP: 29/32
 67816 | Elf:2    | Found a radiant altar of Vehumet.
 67883 | Elf:3    | Paralysed by an air elemental for 1 turns
 68153 | Elf:3    | Received a gift from Sif Muna
 68158 | Elf:3    | Got Sif Muna's Guide on the Birds {god gift}
 68165 | Elf:3    | Reached skill level 16 in Hexes
 68174 | Elf:3    | Cast into level 2 of the Abyss (a deep elf sorcerer)
 68181 | Abyss:2  | Found a corrupted altar of Lugonu.
 68602 | Elf:3    | Escaped the Abyss
 68704 | Elf:3    | Identified the +6 long sword of Ash {vorpal, rPois Str+3
                  | Dex+2}
 68767 | Elf:3    | Killed from afar by a deep elf sorcerer

Illustrated notes .<.###### ........# #@# #.# ... #.#.. .. ... ### ##.# .# # Turn 6888 on D:12: shafted 3 floors twice >_< #..# #######..# #........# .#####.## #.# #.# #.# ########.# .......@.# ########## Turn 7034 on D:12: MARKED #..# #######..# #........# .#####.## #.# #.# #.# ########.# ........@# ########## Turn 7035 on D:12: what a horrid dungeon

.# ..# . ..#
... ..#
.....####+#..#
.....)..@....#
..#######..###
#..# #..# #..#
#..# .### #..#
....####..#
..........#


Turn 7685 on D:10: cold envelope mutation carrying

Levels and vault maps discovered:
D:1:      elethiomel_arrival_maze, layout_basic,
          chequers_ecumenical_altar_twisty
D:2:      minmay_recursive_quarters, layout_loops_ring, serial_bayou_lake_a
D:3:      layout_basic, ebering_ghost_sewer_f, uniq_crazy_yiuf_cottage
D:4:      layout_rooms, nicolae_elemental_shop
D:5:      cheibrodos_barr_body, layout_cave_pools, general_overflow_altar,
          mainiacjoe_overflow_large_starburst, nicolae_wormholes, uniq_menkaure
D:6:      layout_cave_pools, mainiacjoe_overflow_alcove_1,
          minmay_temple_entry_enclosed_plants, serial_shops,
          nicolae_stop_n_shop_2, uniq_duvessa
D:7:      layout_loops_cross
D:8:      layout_basic, uniq_prince_ribbit1, uniq_harold, uniq_joseph
D:9:      layout_loops_ring, erik_orc_1
D:10:     layout_irregular_city
D:11:     minmay_the_grid_square_5x5_5x5_mashed
          [minmay_the_grid_square_5x5_three_walls,
          minmay_the_grid_square_5x5_longway, minmay_the_grid_square_5x5_three,
          minmay_the_grid_square_5x5_hollow_slash,
          minmay_the_grid_square_5x5_tetrominoes,
          minmay_the_grid_square_5x5_shrine2,
          minmay_the_grid_square_5x5_prize_snowflake,
          minmay_the_grid_square_5x5_intrusive_squares,
          minmay_the_grid_square_5x5_prize_pseudospiral,
          minmay_the_grid_square_5x5_inner_v,
          minmay_the_grid_square_5x5_minibox,
          minmay_the_grid_square_5x5_percent,
          minmay_the_grid_square_5x5_prize_itemx,
          minmay_the_grid_square_5x5_hourglass, minmay_the_grid_square_5x5_v,
          minmay_the_grid_square_5x5_tie,
          minmay_the_grid_square_5x5_prize_monsterx,
          minmay_the_grid_square_5x5_beaten_path,
          minmay_the_grid_square_5x5_prize_rear_guard,
          minmay_the_grid_square_5x5_spiral,
          minmay_the_grid_square_5x5_eight_small,
          minmay_the_grid_square_5x5_moneybag, minmay_the_grid_square_5x5_seven,
          minmay_the_grid_square_5x5_bridge,
          minmay_the_grid_square_5x5_two_small], layout_basic, uniq_fannar,
          uniq_erolcha
D:12:     layout_loops_ring, kennysheep_crisscross
D:13:     layout_basic, david_vaults_3
D:14:     layout_big_octagon, nicolae_trove_entry_free_sample, minivault_19,
          uniq_lodul
D:15:     grunt_enter_depths_giant_problem, layout_cave_pools,
          cheibriados_altar_1
Lair:1:   layout_gridlike, nzn_masters_of_martial_movement, grunt_megastairs_1,
          uniq_sonja, uniq_amaemon
Lair:2:   layout_chaotic_city, minmay_shoals_entry_centaurs,
          minmay_snake_entry_six_corridors, ebering_ghost_disaster_area,
          uniq_gastronok
Lair:3:   layout_layer_cave, gauntlet_entry_generic, nzn_sisyphean_effort
Lair:4:   layout_gridlike, uniq_kirke
Lair:5:   layout_gridlike, minmay_slime_entry_pillars
Lair:6:   guppyfry_lair_end_dragon, layout_cave_pods,
          hangedman_lair_tendril_chambers
Shoals:1: layout_shoals
Shoals:2: cheibrodos_shoals_three_sisters, layout_shoals, serial_shops,
          bzr_entry_safe
Shoals:3: layout_shoals, portal_ice_cave_entry_frozen_things
Shoals:4: shoals_end_simple, layout_shoals, nicolae_shoals_water_booths,
          uniq_roxanne
Snake:1:  layout_misc_corridors, ebering_ghost_disaster_area,
          nicolae_take_the_stairs, grunt_megastairs_3, lemuel_fruit_tree
Snake:2:  layout_rooms
Snake:3:  layout_onion_interference, st_stairs_6, grunt_megastairs_5
Snake:4:  snake_pit_salamanders_mu, layout_onion, serial_shops, shop,
          minmay_shop_grove
Slime:1:  cheibrodos_slime_lost_civilization_9, layout_caves
Slime:2:  layout_caves, cheibrodos_slime_lost_civilization_7
Slime:3:  cheibrodos_slime_lost_civilization_10, layout_caves
Slime:4:  layout_caves
Slime:5
Orc:1:    layout_diamond_mine, basic_altar, enter_volcano_4, mines4_lemuel,
          uniq_urug, uniq_nergalle
Orc:2:    st_orc_congregation, layout_caves, abandoned_shop,
          nicolae_shop_gadgets, uniq_donald, uniq_nessos
Elf:1:    eino_elf_arrival_altar, layout_onion_city, minmay_elf_crystal_hexagon
Elf:2:    elven_hall_of_blades_hangedman_alternative [nicolae_blade_bullseye],
          layout_geoelf_octagon, lemuel_upstairs_altar
Elf:3:    minmay_elf_hall_not_hex, layout_gridlike

Skill      XL: |  1  2  3  4  5  6  7  8  9 10 11 12 13 14 15 16 17 18 19 20 |
---------------+-------------------------------------------------------------+-----
Dodging        | 2 3 4 5 6 7 8 9 10 | 10.0
Fighting       | 3 4 5 6 8 9 10 | 10.8
Crossbows      | 4 5 6 7 8 9 10 | 10.0
Spellcasting   | 1 2 3 4 5 6 7 8 9 10 12 | 12.8
Earth Magic    | 1 2 3 4 5 6 7 9 10 11 13 | 13.7
Transmutations | 1 2 3 4 5 6 8 9 10 11 13 | 13.9
Fire Magic     | 5 |  5.6
Hexes          | 4 12 15 16 | 16.2
Staves         | 2 9 12 | 12.0
Evocations     | 2 9 13 | 13.0
Stealth        | |  0.8

Action                   |  1- 3 |  4- 6 |  7- 9 | 10-12 | 13-15 | 16-18 | 19-21 || total
-------------------------+-------+-------+-------+-------+-------+-------+-------++-------
Melee: Hand crossbow     |       |     4 |       |       |     1 |       |       ||     5
       Tailslap          |       |     2 |       |       |    24 |   250 |   195 ||   471
       Staff             |       |     5 |       |       |    90 |  1192 |   798 ||  2085
       Kick              |       |     3 |       |       |    43 |   470 |   355 ||   871
       Unarmed           |       |       |       |       |     5 |       |       ||     5
       Demon whip        |       |       |       |       |    16 |       |       ||    16
 Fire: Hand crossbow     |   122 |   169 |   253 |   639 |  1851 |    20 |       ||  3054
 Cast: Petrify           |       |       |       |    45 |    92 |     8 |    10 ||   155
       Inner Flame       |       |       |       |       |   106 |   180 |    36 ||   322
       Statue Form       |       |       |       |       |    14 |   150 |    78 ||   242
       Lee's Rapid Decon |       |       |       |       |       |    15 |    29 ||    44
       Irradiate         |       |       |       |       |       |       |     8 ||     8
       Tukima's Dance    |       |       |       |       |       |       |     1 ||     1
       Yara's Violent Un |       |       |       |       |       |       |     3 ||     3
 Abil: Breathe Fire      |       |       |    23 |    77 |   148 |     1 |       ||   249
       End Transformatio |       |       |       |       |     1 |       |       ||     1
Evoke: Wand              |       |       |    12 |    15 |    29 |     1 |    23 ||    80
       Condenser vane    |       |       |       |     1 |     2 |       |     3 ||     6
       Box of beasts     |       |       |       |       |     1 |       |     2 ||     3
       Phial of floods   |       |       |       |       |     1 |       |     1 ||     2
  Use: Scroll            |       |     9 |     8 |     5 |    14 |     6 |    14 ||    56
       Potion            |       |     2 |     3 |    11 |     8 |       |    10 ||    34
 Stab: Petrified         |       |       |       |       |    11 |    10 |    13 ||    34
       Sleeping          |       |       |       |       |       |     2 |       ||     2
       Held in net/web   |       |       |       |       |       |     1 |       ||     1
       Distracted        |       |       |       |       |       |       |     1 ||     1
       Petrifying        |       |       |       |       |       |       |     1 ||     1
Armor: Skin              |    18 |    39 |    34 |   132 |   363 |  1051 |   605 ||  2242
Dodge: Dodged            |    51 |    70 |    91 |   362 |   887 |  1816 |   718 ||  3995
       Repelled          |       |       |       |       |       |    37 |    48 ||    85

Table legend: (Time is in decaauts)
 A = Elapsed time spent in this place.
 B = Non-inter-level travel time spent in this place.
 C = Inter-level travel time spent in this place.
 D = Time resting spent in this place.
 E = Time spent auto-exploring this place.
 F = Levels seen in this place.
 G = Mean time per level.
                   A        B        C        D        E       F      G
               +--------+--------+--------+--------+--------+-----+--------+
         Total |  73923 |  71392 |   2531 |  32335 |  20834 |  44 | 1680.1 |
       Dungeon |  27459 |  26409 |   1050 |  12789 |   8172 |  15 | 1830.6 |
          Lair |  15515 |  14965 |    550 |   7448 |   4945 |   6 | 2585.8 |
        Shoals |   6420 |   6272 |    148 |   1479 |   3054 |   4 | 1605.0 |
     Snake Pit |   9390 |   8962 |    428 |   4308 |   1922 |   4 | 2347.5 |
    Slime Pits |   3411 |   3391 |     20 |   2357 |      0 |   5 |  682.2 |
  Orcish Mines |   4992 |   4780 |    212 |   2254 |    925 |   2 | 2496.0 |
   Elven Halls |   3864 |   3744 |    120 |    601 |   1632 |   3 | 1288.0 |
         Abyss |    491 |    491 |      0 |      3 |      0 |   1 |  491.0 |
        Bazaar |     75 |     75 |      0 |      0 |     48 |   1 |   75.0 |
      Ice Cave |   1071 |   1071 |      0 |    538 |      0 |   1 | 1071.0 |
       Volcano |    321 |    321 |      0 |    250 |      0 |   1 |  321.0 |
      Gauntlet |    908 |    908 |      0 |    305 |    134 |   1 |  908.0 |
               +--------+--------+--------+--------+--------+-----+--------+

Top non-repeatable levels by time:
    D:11: 4762 daAuts
  Lair:6: 4736 daAuts
    D:10: 4695 daAuts
 Snake:4: 3811 daAuts
  Lair:3: 3105 daAuts
   Orc:1: 3036 daAuts
     D:9: 2877 daAuts
  Lair:2: 2603 daAuts
    D:13: 2402 daAuts
Shoals:4: 2143 daAuts
 Snake:2: 1962 daAuts
   Orc:2: 1955 daAuts
 Snake:1: 1898 daAuts
  Lair:1: 1876 daAuts
  Lair:5: 1865 daAuts
